 Dungeon Crawl Stone Soup version 0.30-a0-1176-gcdfb0321a8 (webtiles) character file.

Game seed: 2097670478196755890

53 Dadi the Conjurer (level 3, -2/19 HPs)
             Began as a Deep Elf Conjurer on Apr 30, 2023.
             Succumbed to a kobold brigand's curare-tipped dart
             ... on level 3 of the Dungeon.
             The game lasted 00:01:58 (1346 turns).

Dadi the Conjurer (Deep Elf Conjurer)               Turns: 1346, Time: 00:01:58

Health: -2/19      AC:  2    Str:  4    XL:     3   Next: 62%
Magic:  9/10       EV: 12    Int: 24    God:
Gold:   25         SH:  0    Dex: 13    Spells: 4/10 levels left

rFire   + . .        (no weapon)
rCold   + . .        (no shield)
rNeg    . . .        a - +0 robe
rPois   .            (no helmet)
rElec   .            i - scarf {rC+ rF+}
rCorr   .            (no gloves)
SInv    .            (no boots)
Will    .....        (no amulet)
Stlth   +            (no ring)
HPRegen 0.23/turn    (no ring)
MPRegen 0.12/turn

%: no passive effects
@: lethally poisoned (-2 -> -12), slowed, very slow
A: no striking features
a: no special abilities


You were on level 3 of the Dungeon.
You visited 1 branch of the dungeon, and saw 3 of its levels.

You collected 25 gold pieces.

Inventory:

Missiles
 g - 2 throwing nets
Armour
 a - a +0 robe (worn)
 i - a scarf of resistance (worn)
Potions
 b - a potion of magic
 c - a potion of lignification {unknown}
 d - a potion of haste {unknown}
 e - 2 potions of might {unknown}
 h - a potion of degeneration {unknown}


   Skills:
 - Level 2.4 Dodging
 - Level 2.4 Stealth
 + Level 4.4 Spellcasting
 + Level 5.2 Conjurations


You had 4 spell levels left.
You knew the following spells:

 Your Spells              Type           Power      Damage    Failure   Level
a - Magic Dart            Conj           100%       1d8       1%          1
b - Searing Ray           Conj           60%        2d6       1%          2
c - Dazzling Flash        Conj/Hex       34%        N/A       10%         3

Your spell library contained the following spells:

 Spells                   Type           Power      Damage    Failure   Level
 Fulminant Prism          Conj/Hex       8%         3d7       32%         4
 Iskenderun's Mystic Bla  Conj/Tloc      17%        2d5       32%         4


Dungeon Overview and Level Annotations

Branches:
Dungeon (3/15)

Altars:


Message History

A kobold comes into view. It is wielding a +0 dagger.
A kobold is nearby!
The magic dart hits the kobold.
The kobold is heavily wounded.
The magic dart hits the kobold.
You kill the kobold!
You see here a +0 club.
You see here a +0 club.
You see here a +0 dagger.
A kobold and a hobgoblin come into view.
The magic dart hits the kobold.
The kobold is moderately wounded.
The kobold shouts!
The hobgoblin shouts!
The magic dart hits the kobold.
You kill the kobold!
The magic dart hits the hobgoblin.
The hobgoblin is heavily wounded.
The magic dart hits the hobgoblin but does no damage.
The hobgoblin is heavily wounded.
The magic dart hits the hobgoblin.
You kill the hobgoblin!
A hobgoblin comes into view. It is wielding a +0 club.
The magic dart hits the hobgoblin!
You kill the hobgoblin!
You can't see any susceptible monsters within range! (Use Z to cast anyway.)
A kobold brigand comes into view.
It is wielding a +4 dagger of draining and quivering curare-tipped darts.
You see here a +0 dagger.
You see here a +0 club.
There is a stone staircase leading up here.
You enter the shallow water.
Moving in this stuff is going to be slow.
The kobold brigand throws a curare-tipped dart.
The curare-tipped dart hits you.
You are lethally poisoned!
You have difficulty breathing.
You feel yourself slow down.
* * * LOW HITPOINT WARNING * * *
You feel extremely sick.
The kobold brigand throws a curare-tipped dart.
The curare-tipped dart barely misses you.
You die...

#.......#####.#
##..###.#..<..# #..#
#.#.##### # #..###.#)#
.# #.<....#.# .#
#.##.###†# #.## #.##.#
#)# #####...###
#.##.###.###~~~#.....#.
#.##.....K~~~~~@~~~...#
#.#######~~≈≈~≈≈~######
#.##########≈≈≈###.K.
#.....).K).#####)...)
######..).).......#
######.....### #######


You could see a kobold brigand.

Vanquished Creatures
  A gnoll (D:3)
  2 worms
  A dart slug (D:3)
  An endoplasm (D:2)
  3 hobgoblins
  4 jackals
  3 quokkas
  3 ball pythons
  A bat (D:3)
  2 frilled lizards
  2 goblins
  8 kobolds
  5 rats (D:2)
36 creatures vanquished.

Notes
Turn   | Place    | Note
-------+----------+-------------------------------------------
     0 | D:1      | Dadi the Deep Elf Conjurer began the quest for the Orb.
     0 | D:1      | Reached XP level 1. HP: 10/10 MP: 6/6
   193 | D:1      | You fall into a shaft and drop 1 floor!
   286 | D:2      | Reached XP level 2. HP: 15/15 MP: 0/8
   613 | D:2      | Reached skill level 5 in Conjurations
   667 | D:2      | Reached XP level 3. HP: 19/19 MP: 8/10
   703 | D:2      | Learned a level 2 spell: Searing Ray
   707 | D:2      | Learned a level 3 spell: Dazzling Flash
  1313 | D:3      | Noticed a kobold brigand
  1346 | D:3      | Succumbed to a kobold brigand's curare-tipped dart

Illustrated notes

Levels and vault maps discovered:
D:1:      nicolae_arrival_memento_mori, layout_basic, st_stairs_5
D:2:      layout_basic
D:3:      cheibrodos_thug_alley, layout_loops_ring, gup_sewer_entry_pipe,
          ebering_ghost_sewer_f

Skill      XL: |  1  2 |
---------------+-------+-----
Spellcasting   | 4 |  4.4
Conjurations   | 5 |  5.2
Dodging        | |  2.4
Stealth        | |  2.4

Action                     || total
---------------------------++-------
   Cast: Magic Dart        ||    77
    Use: Scroll            ||     1
 Armour: Robe              ||     2
  Dodge: Dodged            ||    14

Table legend: (Time is in decaauts)
 A = Elapsed time spent in this place.
 B = Non-inter-level travel time spent in this place.
 C = Inter-level travel time spent in this place.
 D = Time resting spent in this place.
 E = Time spent auto-exploring this place.
 F = Levels seen in this place.
 G = Mean time per level.
                   A        B        C        D        E       F      G
               +--------+--------+--------+--------+--------+-----+--------+
         Total |   1349 |   1342 |      7 |    102 |   1037 |   3 |  449.7 |
       Dungeon |   1349 |   1342 |      7 |    102 |   1037 |   3 |  449.7 |
               +--------+--------+--------+--------+--------+-----+--------+

Top non-repeatable levels by time:
     D:2: 753 daAuts
     D:3: 402 daAuts
     D:1: 193 daAuts
